 Dungeon Crawl Stone Soup version 0.30.1-11-g7821555f0a (webtiles) character file.

Game seed: 11057576467268355563

93 RancidPinata the Sneak (level 4, -5/31 HPs)
             Began as an Octopode Delver on Dec 27, 2023.
             Slain by a gnoll
             ... wielding a +0 spear
              (7 damage)
             ... on level 3 of the Dungeon.
             The game lasted 00:11:29 (1689 turns).

RancidPinata the Sneak (Octopode Delver)            Turns: 1689, Time: 00:11:30

Health: -5/31      AC:  1    Str: 11    XL:     4   Next: 62%
Magic:  4/4        EV: 14    Int: 12    God:
Gold:   188        SH:  0    Dex: 15    Spells: 3/3 levels left

rFire   + . .        r - +0 bardiche
rCold   . . .        (shield currently unavailable)
rNeg    . . .        (helmet restricted)
rPois   .            (no amulet)
rElec   .            t - ring of protection from fire
rCorr   .            (no ring)
SInv    .            (no ring)
Will    .....        (no ring)
Stlth   +++++        (no ring)
HPRegen 0.25/turn    (no ring)
MPRegen 0.09/turn    (no ring)
                     (no ring)

%: no passive effects
@: no status effects
A: almost no armour, amphibious, 8 rings, camouflage 1, gelatinous body 1,
(nimble swimmer 1), tentacles
a: no special abilities


You were on level 3 of the Dungeon.
You visited 1 branch of the dungeon, and saw 8 of its levels.

You collected 188 gold pieces.

Inventory:

Hand Weapons
 a - a +0 spear
 f - a +2 sling of flaming
 r - a +0 bardiche (weapon)
Armour
 l - a +0 buckler
Jewellery
 t - a ring of protection from fire (left tentacle)
Wands
 p - a wand of digging (3)
Scrolls
 b - a scroll of fog
 c - 2 scrolls of magic mapping
 d - a scroll of fear
 h - 7 scrolls of identify {unknown}
 i - 4 scrolls of teleportation {unknown}
 j - a scroll of poison {unknown}
 n - a scroll of noise {unknown}
 q - a scroll of brand weapon {unknown}
Potions
 e - 3 potions of haste
 g - 4 potions of curing {unknown}
 k - a potion of degeneration {unknown}
 m - a potion of mutation {unknown}
 o - 2 potions of cancellation {unknown}
 s - a potion of invisibility {unknown}


   Skills:
 + Level 3.4 Fighting
 * Level 3.0 Polearms
 + Level 0.5 Ranged Weapons
 * Level 2.7 Dodging
 + Level 7.4 Stealth
 + Level 0.3 Shields


You had 3 spell levels left.
You didn't know any spells.
Your spell library was empty.

Dungeon Overview and Level Annotations

Branches:
Dungeon (8/15)
 Temple: D:4-7         Lair: D:8-11

Altars:

Shops:
D:2 [


Innate Abilities, Weirdness & Mutations

You cannot wear most types of armour.
You are amphibious.
You can wear up to eight rings at the same time.
Your skin changes colour to match your surroundings (Stealth+).
Your rubbery body absorbs attacks. (AC +1, EV +1)
((You are camouflaged when in or above water. (Stealth+)))
You have tentacles for arms and can constrict up to eight enemies at once.


Message History

A gnoll comes into view. It is wielding a +0 whip.
Fire: f) +2 sling (flame)
Press: ? - help, Q - select action Shift-Dir - straight line, f/p - gnoll
Aim: a gnoll, wielding a +0 club (moderately wounded, 63% to hit)
You shoot a sling bullet.
The sling bullet hits the gnoll but does no damage.
The gnoll is moderately wounded.
The gnoll closely misses you. The gnoll attacks as you move away!
The gnoll misses you. The gnoll attacks as you move away!
The gnoll closely misses you. The gnoll attacks as you move away!
The gnoll closely misses you.
The gnoll throws a throwing net.
The throwing net completely misses you. The gnoll attacks as you move away!
The gnoll barely misses you.
You can't go up here!
You can't go down here!
You can't go up here!
Your +2 sling of flaming stops flaming.
r - a +0 bardiche (weapon)
The gnoll barely misses you.
You hit the gnoll. Your grab misses the gnoll.
The gnoll is almost dead.
The gnoll hits you with a +0 club!
The gnoll hits you from afar with a +0 spear.
You slash the gnoll!
You kill the gnoll!
The gnoll hits you from afar with a +0 spear!
The gnoll hits you from afar with a +0 spear.
* * * LOW HITPOINT WARNING * * *
Your Polearms skill increases to level 3!
The gnoll hits you with a +0 spear.
* * * LOW HITPOINT WARNING * * *
There is a stone staircase leading up, spattered with blood here.
Things that are here:
a +0 club; a gnoll corpse You hit the gnoll.
You grab the gnoll.
The gnoll is heavily wounded.
You constrict the gnoll. The gnoll hits you with a +0 spear.
* * * LOW HITPOINT WARNING * * *
The gnoll hits you with a +0 spear!
You die...

#...#####...#
#####......g..###
.........###.g..)..
##(..#......######
#....(.###....#
#...###.## ###.. ..
#.# #g## ###.@###
#......#
..........#
####......#
########


You could see a gnoll.

Vanquished Creatures
  2 gnolls (D:3)
  4 adders (D:2)
  A dart slug (D:2)
  An orc (D:3)
  2 ball pythons (D:2)
  2 endoplasms (D:1)
  2 giant cockroaches (D:1)
  5 hobgoblins
  A quokka (D:1)
  4 bats
  A frilled lizard (D:2)
  4 goblins
  4 kobolds
  3 rats
36 creatures vanquished.

Notes
Turn   | Place    | Note
-------+----------+-------------------------------------------
     0 | D:5      | RancidPinata the Octopode Delver began the quest for the
                  | Orb.
     0 | D:5      | Reached XP level 1. HP: 16/16 MP: 1/1
    26 | D:8      | Noticed a bullfrog
    32 | D:8      | Noticed a killer bee
    32 | D:8      | Noticed a killer bee
    32 | D:8      | Noticed a killer bee
    32 | D:8      | Noticed a killer bee
   109 | D:7      | Noticed an orc warrior
   109 | D:7      | Noticed an orc wizard
   111 | D:6      | Noticed a scorpion
   112 | D:6      | Noticed a bullfrog
   132 | D:6      | Noticed a troll
   200 | D:4      | Noticed a hound
   242 | D:2      | Reached XP level 2. HP: 9/21 MP: 2/2
   322 | D:2      | Found Puskoty's Armour Shoppe.
   347 | D:2      | Reached skill level 7 in Stealth
   394 | D:2      | Reached XP level 3. HP: 12/26 MP: 3/3
  1079 | D:1      | Reached XP level 4. HP: 28/31 MP: 4/4
  1153 | D:1      | Found a faded altar of an unknown god.
  1689 | D:3      | Slain by a gnoll

Illustrated notes

Levels and vault maps discovered:
D:1:      erik_arrival_cave_to_civilisation [erik_arrival_cave_to_hall],
          layout_loops_ring, hellmonk_ecumenical_altar_heavens_door,
          st_stairs_10
D:2:      layout_rooms, serial_shops, shop, minmay_pentomino_pile
D:3:      layout_rooms, nicolae_ru_awakened_eye, kennysheep_crisscross
D:4:      layout_basic, kennysheep_mini, dilly_guarded_unrand_devastator
D:5:      layout_loops_ring, nicolae_overflow_hidden_temple,
          minmay_temple_entry_proselytizer, serial_shops,
          nicolae_shop_real_fake_doors, nicolae_concentric_dashed_squares_wild,
          minmay_ruined_shrine, uniq_blork_the_orc
D:6:      layout_gridville, st_stairs_11, uniq_pikel
D:7:      layout_layer_cave, nzn_hepliaklqana_mist_gate,
          mainiacjoe_overflow_catwalk, serial_shops, nicolae_shop_statue_plus
D:8:      layout_loops_corners, uniq_amaemon

Skill      XL: |  1  2  3  4 |
---------------+-------------+-----
Stealth        | 7 |  7.4
Polearms       | 3 |  3.0
Fighting       | |  3.4
Ranged Weapons | |  0.5
Dodging        | |  2.7
Shields        | |  0.3

Action                     |  1- 3 |  4- 6 || total
---------------------------+-------+-------++-------
  Melee: Spear             |    10 |       ||    10
         Constrict         |     8 |     2 ||    10
         Tentacles         |     5 |     1 ||     6
         Bardiche          |    32 |     7 ||    39
   Fire: Sling             |    11 |    28 ||    39
   Stab: Sleeping          |     6 |       ||     6
 Armour: Skin              |     4 |     1 ||     5
  Dodge: Dodged            |    30 |    10 ||    40
